 Dungeon Crawl Stone Soup version 0.30-a0-43-gbbf338a72c (webtiles) character file.

Game seed: 8664679884323316246

535 dario85 the Changer (level 7, -4/72 HPs)
             Began as a Merfolk Transmuter on Sept 1, 2022.
             Was a Follower of Nemelex Xobeh.
             Slain by a gnoll
             ... wielding a +0 halberd
              (6 damage)
             ... on level 5 of the Dungeon.
             The game lasted 00:24:29 (4936 turns).

dario85 the Changer (Merfolk Transmuter)            Turns: 4936, Time: 00:24:30

Health: -4/72      AC: 27    Str: 11    XL:     7   Next: 25%
Magic:  12/12      EV:  2    Int: 14    God:    Nemelex Xobeh [*.....]
Gold:   170        SH:  0    Dex: 14    Spells: 7/13 levels left

rFire   . . .      SeeInvis .    d - +2 whip (elec)
rCold   . . .      Faith    .    (no shield)
rNeg    . . .      Spirit   .    (body armour currently unavailable)
rPois   +          Reflect  .    (helmet currently unavailable)
rElec   .          Harm     .    (cloak currently unavailable)
rCorr   .          Rampage  .    (gloves currently unavailable)
Will    .....      NoTele   +    (boots currently unavailable)
Stlth   +.........               (no amulet)
HPRegen 0.22/turn                k - +4 ring of protection
MPRegen 0.13/turn                (no ring)

@: tree-form
A: stationary, stasis, torment immunity, boosted hp, (nimble swimmer 2),
(mertail)
a: Renounce Religion, Draw Escape, Draw Destruction, Draw Summoning


You were on level 5 of the Dungeon.
You worshipped Nemelex Xobeh.
Nemelex Xobeh was aware of your devotion.
You were a tree.
You visited 1 branch of the dungeon, and saw 5 of its levels.

You collected 170 gold pieces.

Inventory:

Hand Weapons
 d - a +2 whip of electrocution (weapon)
Missiles
 l - 2 poisoned darts
Armour
 a - a +0 robe (melded)
 h - +0 ice dragon scales
Jewellery
 k - a +4 ring of protection (left branch)
Scrolls
 e - a scroll of immolation
 g - a scroll of blinking {unknown}
 m - 2 scrolls of teleportation
 n - a scroll of amnesia
Potions
 c - a potion of ambrosia {unknown}
 f - a potion of brilliance {unknown}
 i - 2 potions of curing
 j - 3 potions of cancellation


   Skills:
 - Level 1.2 Fighting
 * Level 3.1 Maces & Flails
 - Level 2.7 Dodging
 - Level 4.0 Unarmed Combat
 + Level 3.5 Spellcasting
 * Level 6.7 Transmutations


You had 7 spell levels left.
You knew the following spells:

 Your Spells              Type           Power      Damage    Failure   Level
a - Beastly Appendage     Tmut           42%        N/A       1%          1
b - Wereblood             Tmut           21%        N/A       1%          2
c - Spider Form           Tmut/Pois      11%        N/A       16%         3

Your spell library contained the following spells:

 Spells                   Type           Power      Damage    Failure   Level
 Ice Form                 Ice/Tmut       11%        N/A       45%         4


Dungeon Overview and Level Annotations

Branches:
Dungeon (5/15)
 Temple: D:4-7

Altars:
Ashenzari
Nemelex Xobeh
Sif Muna

Annotations:
D:5 Pikel


Innate Abilities, Weirdness & Mutations

You are a tree.
Your roots penetrate the ground, keeping you stationary.
You cannot be teleported.
You are immune to unholy pain and torment.
Your maximum health is greatly increased.
Your equipment is partially melded.
((You are very nimble when in or above water. (Stealth+, EV+, Speed+++)))
((Your lower body shifts to a powerful aquatic tail in water.))


Message History

Your roots penetrate the ground.
The hound bites you but does no damage. x2
You hit the hound.
The hound is lightly wounded.
The hound bites you but does no damage.
The gnoll hits you from afar with a +0 halberd.
* * * LOW HITPOINT WARNING * * *
You hit the hound. Lightning courses through the hound!!
You kill the hound!
The gnoll hits you but does no damage.
You closely miss the ice beast.
The ice beast is lightly wounded.
The ice beast hits you but does no damage.
The gnoll hits you but does no damage.
You hit the ice beast.
The ice beast is lightly wounded.
The ice beast hits you.
* * * LOW HITPOINT WARNING * * *
The ice beast freezes you!
* * * LOW HITPOINT WARNING * * *
The gnoll hits you but does no damage.
You hit the ice beast but do no damage.
The ice beast is lightly wounded.
You barely miss the ice beast.
The ice beast is lightly wounded.
The ice beast hits you but does no damage.
The gnoll hits you but does no damage.
You hit the ice beast but do no damage.
The ice beast is lightly wounded.
The ice beast hits you.
* * * LOW HITPOINT WARNING * * *
The ice beast freezes you!
* * * LOW HITPOINT WARNING * * *
The gnoll hits you but does no damage.
You cannot teleport because you are held in place by your roots.
As you read the scroll of immolation, it crumbles to dust.
The creatures around you are filled with an inner flame!
The ice beast hits you but does no damage.
The gnoll hits you from afar with a +0 halberd.
You die...
Your body disappears without a glow.

####### #########
#.....###### ........#
#.###......# #######.#
#.#<#......#
#######.#####.#.#......#
........................
....###♣####.........###
###...#Y####.........#
#.g.#..#.........#
##..#..#...........
#..#..#....######..
######.....#...## ..
#........#†g##..# +
#.#####..#..##..#
#..#..†#..#


You could see an ice beast (inner flame) and a gnoll (inner flame).

Vanquished Creatures
  Edmund (D:4)
  2 lemures (D:4)
  A scorpion (D:5)
  A hound (D:5)
  A jelly (D:5)
  An orc priest (D:3)
  4 iguanas (D:4)
  An orc wizard (D:5)
  5 adders
  2 worms
  A dart slug (D:5)
  11 orcs
  4 endoplasms
  7 giant cockroaches
  10 goblins
  5 hobgoblins
  4 jackals (D:2)
  3 quokkas (D:1)
  3 ball pythons
  5 bats
  A frilled lizard (D:2)
  5 kobolds
  4 rats
82 creatures vanquished.

Notes
Turn   | Place    | Note
-------+----------+-------------------------------------------
     0 | D:1      | dario85 the Merfolk Transmuter began the quest for the Orb.
     0 | D:1      | Reached XP level 1. HP: 15/15 MP: 3/3
    85 | D:1      | Found a faded altar of an unknown god.
   196 | D:1      | Reached skill level 3 in Transmutations
   415 | D:1      | Reached XP level 2. HP: 21/21 MP: 3/5
  1183 | D:2      | Reached XP level 3. HP: 11/26 MP: 4/6
  1802 | D:2      | Reached skill level 4 in Transmutations
  1802 | D:2      | Reached XP level 4. HP: 27/32 MP: 5/7
  2425 | D:3      | Learned a level 2 spell: Wereblood
  2642 | D:3      | Reached skill level 1 in Maces & Flails
  2646 | D:3      | Reached XP level 5. HP: 32/37 MP: 5/9
  2903 | D:3      | Found a shimmering blue altar of Sif Muna.
  2906 | D:3      | Found a sparkling altar of Nemelex Xobeh.
  2912 | D:3      | Became a worshipper of Nemelex Xobeh the Trickster
  3062 | D:4      | Found a broken altar of Ashenzari.
  3136 | D:4      | Reached skill level 5 in Transmutations
  3204 | D:4      | Noticed Edmund
  3214 | D:4      | Killed Edmund
  3215 | D:4      | Reached XP level 6. HP: 43/43 MP: 8/10
  3648 | D:4      | Reached * piety under Nemelex Xobeh
  3802 | D:4      | Reached skill level 6 in Transmutations
  4131 | D:5      | Entered Level 5 of the Dungeon
  4137 | D:5      | Noticed Pikel
  4363 | D:5      | Reached XP level 7. HP: 24/48 MP: 10/12
  4368 | D:5      | Learned a level 3 spell: Spider Form
  4935 | D:5      | HP: 2/72 [ice beast (8)]
  4936 | D:5      | Slain by a gnoll

Illustrated notes

Levels and vault maps discovered:
D:1:      wander_arrival_lonely_grave, layout_loops_ring,
          hellmonk_ecumenical_altar_blasted
D:2:      layout_basic
D:3:      layout_basic, minitemple, serial_glass, glass_columns_a,
          glass_columns_a, glass_columns_a, glass_columns_a, glass_columns_b,
          glass_columns_a, glass_columns_b, glass_columns_a
D:4:      layout_gridville, ashenzari_conservatory_becter, uniq_edmund
D:5:      layout_basic, jmf_multi_god_temple2, minmay_temple_entry_slanted,
          minmay_ruined_shrine, uniq_pikel

Skill      XL: |  1  2  3  4  5  6  7 |
---------------+----------------------+-----
Transmutations | 3 4 5 6 |  6.7
Unarmed Combat | 4 |  4.0
Maces & Flails | 1 2 3 |  3.1
Spellcasting   | 3 |  3.5
Fighting       | |  1.2
Dodging        | |  2.7

Action                   |  1- 3 |  4- 6 |  7- 9 || total
-------------------------+-------+-------+-------++-------
Melee: Unarmed           |    93 |       |       ||    93
       Headbutt          |    16 |    17 |     1 ||    34
       Punch             |     2 |     2 |     1 ||     5
       Whip              |    13 |   141 |    22 ||   176
 Cast: Beastly Appendage |    23 |    30 |     2 ||    55
       Wereblood         |       |     3 |       ||     3
  Use: Scroll            |     2 |     6 |     2 ||    10
       Potion            |     1 |     4 |     1 ||     6
 Stab: Sleeping          |       |     1 |       ||     1
Armor: Robe              |    14 |    26 |     3 ||    43
       Skin              |       |       |    11 ||    11
Dodge: Dodged            |    65 |    85 |    16 ||   166

Table legend: (Time is in decaauts)
 A = Elapsed time spent in this place.
 B = Non-inter-level travel time spent in this place.
 C = Inter-level travel time spent in this place.
 D = Time resting spent in this place.
 E = Time spent auto-exploring this place.
 F = Levels seen in this place.
 G = Mean time per level.
                   A        B        C        D        E       F      G
               +--------+--------+--------+--------+--------+-----+--------+
         Total |   4945 |   4829 |    116 |    597 |   2963 |   5 |  989.0 |
       Dungeon |   4945 |   4829 |    116 |    597 |   2963 |   5 |  989.0 |
               +--------+--------+--------+--------+--------+-----+--------+

Top non-repeatable levels by time:
     D:4: 1727 daAuts
     D:1: 1172 daAuts
     D:2: 1056 daAuts
     D:3: 792 daAuts
     D:5: 197 daAuts
